 Dungeon Crawl Stone Soup version 0.30-a0-777-ga9a30cbeda (webtiles) character file.

Game seed: 4790824557014276701

4134 Newt the Spear-Bearer (level 10, -4/111 HPs)
             Began as a Demonspawn Gladiator on Feb 13, 2023.
             Was a Follower of Makhleb.
             Slain by a vampire (6 damage)
             ... on level 8 of the Dungeon.
             The game lasted 00:09:11 (8906 turns).

Newt the Spear-Bearer (Demonspawn Gladiator)        Turns: 8906, Time: 00:09:12

Health: -4/111     AC: 10    Str: 23    XL:     10   Next: 6%
Magic:  14/14      EV: 11    Int: 17    God:    Makhleb [*.....]
Gold:   412        SH:  9    Dex: 15    Spells: 9/9 levels left

rFire   + . .      SeeInvis .    f - +5 spear (venom)
rCold   + . .      Faith    +    k - +0 kite shield
rNeg    . . .      Spirit   .    C - +0 steam dragon scales
rPois   .          Reflect  .    c - +0 helmet
rElec   .          Harm     .    (no cloak)
rCorr   .          Rampage  .    v - +1 pair of gloves "Micefa" {rC+ Str+4 Int+2}
Will    .....                    u - +0 pair of boots Stlth
                                 l - amulet of faith
HPRegen 0.38/turn                m - ring of protection from fire
MPRegen 0.14/turn                y - +6 ring of intelligence

@: berserking, hasted, very quick
A: hooves 2, demonic guardian 1, weakness stinger 2
a: Renounce Religion


You were on level 8 of the Dungeon.
You worshipped Makhleb.
Makhleb was aware of your devotion.
You visited 2 branches of the dungeon, and saw 10 of its levels.

You collected 424 gold pieces.
You spent 12 gold pieces at shops.

Inventory:

Hand Weapons
 a - a +0 rapier
 f - a +5 spear of venom (weapon)
 i - a +4 antimagic rapier
Missiles
 d - a throwing net (quivered)
 e - a javelin
 o - 9 boomerangs
Armour
 b - a +0 leather armour
 c - a +0 helmet (worn)
 k - a +0 kite shield (worn)
 u - a +0 pair of boots (worn)
 v - the +1 pair of gloves "Micefa" (worn) {rC+ Str+4 Int+2}
   (You found it on level 3 of the Dungeon)

   Str:       It affects your strength (+4).
   Int:       It affects your intelligence (+2).
   rC:        It protects you from cold.
 C - +0 steam dragon scales (worn)
Jewellery
 l - an amulet of faith (around neck)
 m - a ring of protection from fire (left hand)
 p - a ring of wizardry
 y - a +6 ring of intelligence (right hand)
 A - a ring of poison resistance
Wands
 g - a wand of paralysis (7)
 x - a wand of flame (77)
Scrolls
 w - a scroll of amnesia
 z - a scroll of brand weapon
 B - 2 scrolls of identify
 E - a scroll of teleportation
Potions
 h - 2 potions of degeneration
 j - 3 potions of might
 n - 3 potions of brilliance
 q - a potion of haste
 r - 2 potions of flight
 t - 3 potions of lignification
 D - a potion of berserk rage


   Skills:
 - Level 5.0 Fighting
 - Level 2.6 Short Blades
 - Level 10.0 Polearms
 - Level 1.7 Throwing
 - Level 5.0 Armour
 - Level 2.6 Dodging
 - Level 1.5 Stealth
 + Level 3.3 Shields
 - Level 6.0 Invocations


You had 9 spell levels left.
You didn't know any spells.
Your spell library contained the following spells:

 Spells                   Type           Power      Damage    Failure   Level
 Lesser Beckoning         Tloc           0%         N/A       73%         2
 Gell's Gravitas          Tloc           0%         N/A       91%         3
 Inner Flame              Hex/Fire       0%         N/A       91%         3
 Teleport Other           Tloc           0%         N/A       91%         3
 Flame Wave               Conj/Fire      0%         2d4       100%        4
 Sticky Flame             Conj/Fire      0%         2d3       100%        4


Dungeon Overview and Level Annotations

Branches:
Dungeon (9/15)             Temple (1/1) D:6
   Lair: D:8-11         Orc: D:9-12

Altars:
Ashenzari
Cheibriados
Dithmenos
Fedhas
Gozag
Hepliaklqana
Kikubaaqudgha
Makhleb
Nemelex Xobeh
Okawaru
Qazlal
Ru
Sif Muna
Trog
Uskayaw
Vehumet
Wu Jian
Xom
Yredelemnul

Shops:
D:1 !=   D:4 (


Innate Abilities, Weirdness & Mutations

You have hoof-like feet.
A weak demonic guardian rushes to your aid.
You have a tail ending in a sharp stinger.


Message History

You could not reach far enough!
Something hits your shadow imp!
Your shadow imp dies!
Your shadow imp disappears in a puff of smoke!
There is a stone staircase leading up here.
You block something's attack. Something bites you.
* * * LOW HITPOINT WARNING * * *
Something draws strength from your injuries!
You climb upwards.
Reactivating autopickup.
There is a stone staircase leading down here.
You feel better. Something hits you.
* * * LOW HITPOINT WARNING * * *
Deactivating autopickup; reactivate with Ctrl-A.
Something bites you.
* * * LOW HITPOINT WARNING * * *
Something draws strength from your injuries!
You feel better. Something completely misses you.
Something bites you but does no damage.
You feel yourself speed up. Something hits you.
* * * LOW HITPOINT WARNING * * *
Something bites you but does no damage.
A red film seems to cover your vision as you go berserk!
You feel yourself moving faster!
You feel mighty! Something hits you but does no damage.
Something bites you but does no damage.
Unknown command.
You hit something but do no damage. You barely miss something.
Something hits you.
* * * LOW HITPOINT WARNING * * *
A demonic guardian appears!
Something bites you.
* * * LOW HITPOINT WARNING * * *
Something draws strength from your injuries!
You puncture something! Something hits you.
* * * LOW HITPOINT WARNING * * *
Something bites you.
* * * LOW HITPOINT WARNING * * *
Something draws strength from your injuries!
You miss something. You closely miss something.
Your tail-slap misses something.
Something hits you but does no damage. Something bites you.
You die...

################## ######
#................# ###..)..
...........##.##{#########.#.####
#.#####.##.##.##@5........#..#
#.##...........####.####.###.##
#.##.##.#..##...........## ##.#
#.##.##.#..##.......###..###.##
...#.##.....#.####.<# #.#.#..#
......###...#.# #.## #....#.#
............#.# #.# ####.#.#
......###...#.####.# #.#.#
...................# #...#


You could see a friendly ufetubus (summoned).

Vanquished Creatures
  An unseen horror (D:7)
  A troll (D:8)
  A wyvern (D:7)
  Eustachio (D:6)
  3 steam dragons
  A water moccasin (D:7)
  2 black bears
  Duvessa (D:5)
  3 ice beasts
  2 centaurs
  A phantom (D:6)
  A gnoll sergeant (D:6)
  6 scorpions
  4 wights (D:7)
  Dowan (D:5)
  2 hounds
  5 orc priests
  6 iguanas
  5 orc wizards
  Robin (D:3)
  5 gnolls (D:6)
  7 adders
  A shadow imp (D:5)
  2 white imps (D:6)
  An ufetubus (D:6)
  A worm (D:3)
  2 dart slugs
  20 orcs
  6 ball pythons
  10 endoplasms
  5 giant cockroaches
  16 goblins
  7 hobgoblins
  11 jackals
  5 quokkas
  4 bats
  5 frilled lizards
  9 kobolds
  3 rats
168 creatures vanquished.

Vanquished Creatures (collateral kills)
  Erica (D:8)
  An iguana (D:6)
  An orc (D:5)
3 creatures vanquished.

Vanquished Creatures (others)
  An orc (D:8)
1 creature vanquished.

Grand Total: 172 creatures vanquished

Notes
Turn   | Place    | Note
-------+----------+-------------------------------------------
     0 | D:1      | Newt the Demonspawn Gladiator began the quest for the Orb.
     0 | D:1      | Reached XP level 1. HP: 16/16 MP: 1/1
    77 | D:1      | Found Qaixkaug's One-of-a-Kind Rings.
    81 | D:1      | Reached skill level 1 in Stealth
   209 | D:1      | Discovered your monstrous ancestry.
   209 | D:1      | Gained mutation: You have a small tail. [demonic ancestry]
   209 | D:1      | Reached XP level 2. HP: 22/22 MP: 2/2
   584 | D:1      | Found Besamuesm's Distillery.
   588 | D:1      | Bought a potion of degeneration for 12 gold pieces
   650 | D:1      | Reached XP level 3. HP: 27/29 MP: 3/3
  1594 | D:2      | Reached XP level 4. HP: 37/37 MP: 4/4
  2340 | D:3      | Identified the +1 pair of gloves "Micefa" {rC+ Str+4 Int+2}
  2500 | D:3      | Noticed Robin
  2509 | D:2      | Gained mutation: You have large cloven feet. [demonic
                  | ancestry]
  2509 | D:2      | Reached XP level 5. HP: 29/43 MP: 5/5
  2620 | D:3      | Killed Robin
  2621 | D:3      | Reached skill level 5 in Fighting
  2883 | D:4      | Reached skill level 1 in Polearms
  3178 | D:4      | Reached skill level 2 in Polearms
  3314 | D:4      | Found Qar Olee's Weapon Boutique.
  3782 | D:4      | Reached skill level 3 in Polearms
  3782 | D:4      | Gained mutation: A weak demonic guardian rushes to your
                  | aid. [demonic ancestry]
  3782 | D:4      | Reached XP level 6. HP: 38/51 MP: 6/6
  4018 | D:5      | Entered Level 5 of the Dungeon
  4099 | D:5      | Reached skill level 4 in Polearms
  4239 | D:5      | Noticed a water elemental
  4241 | D:5      | Found a stormy altar of Qazlal.
  4244 | D:5      | Noticed an air elemental
  4244 | D:5      | Noticed a fire elemental
  4276 | D:5      | Identified the +2 great sword of the Volcano {vamp, Int+4}
  4356 | D:5      | Reached XP level 7. HP: 56/56 MP: 7/7
  4395 | D:5      | Reached skill level 5 in Polearms
  5052 | D:6      | Reached skill level 6 in Polearms
  5194 | D:6      | Noticed Duvessa
  5195 | D:6      | Noticed Dowan
  5231 | D:5      | Killed Duvessa
  5234 | D:5      | Killed Dowan
  5398 | D:5      | Reached skill level 7 in Polearms
  5398 | D:5      | Gained mutation: You have a tail ending in a sharp stinger.
                  | [demonic ancestry]
  5398 | D:5      | Reached XP level 8. HP: 40/62 MP: 8/8
  5635 | D:6      | Found a staircase to the Ecumenical Temple.
  5667 | D:6      | Noticed Eustachio
  5673 | D:6      | Reached skill level 8 in Polearms
  5683 | Temple   | Entered the Ecumenical Temple
  5936 | Temple   | Became a worshipper of Makhleb the Destroyer
  5984 | D:6      | Killed Eustachio
  5985 | D:6      | Reached skill level 9 in Polearms
  6375 | D:6      | Gained mutation: You have hoof-like feet. [demonic
                  | ancestry]
  6375 | D:6      | Reached XP level 9. HP: 44/68 MP: 9/9
  6460 | D:6      | Found a snail-covered altar of Cheibriados.
  6804 | D:7      | Killed an unseen horror
  6805 | D:7      | Reached skill level 10 in Polearms
  7313 | D:7      | Found a hide-covered altar of Uskayaw.
  7315 | D:7      | Found a burning altar of Makhleb.
  7315 | D:7      | Found a blossoming altar of Fedhas.
  7317 | D:7      | Found a hide-covered altar of Uskayaw.
  7317 | D:7      | Found a snail-covered altar of Cheibriados.
  7317 | D:7      | Found a shimmering altar of Xom.
  7370 | D:7      | Found an opulent altar of Gozag.
  7538 | D:7      | Reached skill level 5 in Armour
  7538 | D:7      | Reached skill level 1 in Invocations
  7835 | D:7      | Found a hide-covered altar of Uskayaw.
  8048 | D:8      | Noticed a troll
  8056 | D:8      | Killed a troll
  8070 | D:8      | Reached * piety under Makhleb
  8071 | D:8      | Reached skill level 5 in Invocations
  8073 | D:8      | Noticed Erica
  8092 | D:8      | HP: 3/68 [something (10)]
  8096 | D:8      | Killed Erica
  8097 | D:8      | Reached XP level 10. HP: 9/74 MP: 12/14
  8904 | D:8      | HP: 5/111 [something (2)]
  8904 | D:8      | HP: 2/111 [something (3)]
  8906 | D:8      | Slain by a vampire

Illustrated notes

Levels and vault maps discovered:
D:1:      dpeg_arrival_arbitrary_c, layout_basic, serial_shops,
          nicolae_shop_trees, nicolae_shop_unique_rings
D:2:      layout_loops_cross, serial_glass, glass_columns_c, glass_columns_a,
          glass_columns_a, glass_columns_c, glass_columns_a, glass_columns_c,
          glass_columns_a, glass_columns_c, palyth_stone_intersect
D:3:      layout_loops_ring, kennysheep_minor_cross, uniq_robin
D:4:      layout_basic, serial_shops, shop
D:5:      layout_basic, nicolae_qazlal_style_of_elements,
          corexii_hall_statues_l, minmay_misc_feat_encased
D:6:      layout_rooms, kennysheep_slug_shrine, minmay_temple_entry_junction,
          roderic_three_in_a_row, kennysheep_dice, uniq_eustachio, uniq_duvessa
D:7:      layout_basic, general_overflow_altar, mainiacjoe_overflow_boulevard,
          doesnt_xom_only_xom, minmay_strange_pillars
D:8:      layout_loops_ring, uniq_erica
D:9:      layout_roguey [special_room_kobold], david_orc_2, enter_bailey_7,
          ebering_ghost_xom, grunt_ministairs_1
Temple:   bh_familiar_temple

Skill      XL: |  1  2  3  4  5  6  7  8  9 10 |
---------------+-------------------------------+-----
Stealth        | 1 |  1.5
Fighting       | 3 4 5 |  5.0
Polearms       | 3 4 7 9 10 | 10.0
Armour         | 5 |  5.0
Invocations    | 6 |  6.0
Shields        | 2 3 |  3.3
Short Blades   | |  2.6
Throwing       | |  1.7
Dodging        | |  2.6

Action                     |  1- 3 |  4- 6 |  7- 9 | 10-12 || total
---------------------------+-------+-------+-------+-------++-------
  Melee: Spear             |   128 |   172 |   324 |    41 ||   665
         Rapier            |     9 |       |       |       ||     9
         Tailslap          |    16 |    22 |    43 |     6 ||    87
  Throw: Throwing net      |       |     4 |       |       ||     4
    Use: Scroll            |     1 |     7 |     9 |       ||    17
         Potion            |       |     4 |     6 |     4 ||    14
   Stab: Sleeping          |     7 |     3 |     2 |       ||    12
         Held in net/web   |       |     1 |       |       ||     1
         Distracted        |       |       |     1 |       ||     1
 Armour: Leather armour    |    24 |    46 |    76 |       ||   146
         Steam dragon scal |       |       |    47 |    23 ||    70
  Dodge: Dodged            |    64 |    77 |   118 |     4 ||   263
  Block: Kite shield       |    11 |    67 |    92 |     5 ||   175

Table legend: (Time is in decaauts)
 A = Elapsed time spent in this place.
 B = Non-inter-level travel time spent in this place.
 C = Inter-level travel time spent in this place.
 D = Time resting spent in this place.
 E = Time spent auto-exploring this place.
 F = Levels seen in this place.
 G = Mean time per level.
                   A        B        C        D        E       F      G
               +--------+--------+--------+--------+--------+-----+--------+
         Total |   8940 |   8722 |    218 |   1400 |   5974 |  10 |  894.0 |
       Dungeon |   8669 |   8477 |    192 |   1400 |   5743 |   9 |  963.2 |
        Temple |    271 |    245 |     26 |      0 |    231 |   1 |  271.0 |
               +--------+--------+--------+--------+--------+-----+--------+

Top non-repeatable levels by time:
     D:5: 1336 daAuts
     D:4: 1293 daAuts
     D:7: 1268 daAuts
     D:1: 1123 daAuts
     D:6: 1110 daAuts
     D:3: 886 daAuts
     D:8: 835 daAuts
     D:2: 785 daAuts
  Temple: 271 daAuts
     D:9: 28 daAuts
